 Dungeon Crawl Stone Soup version 0.28.0-49-g6dfe1f597d (webtiles) character file.

Game seed: 18196312044009341136

37 Spectrina the Ducker (level 3, -14/22 HPs)
             Began as a Deep Elf Monk on May 14, 2022.
             Demolished by a crimson imp
             ... wielding a +0 dagger of chaos
              (17 damage)
             ... on level 3 of the Dungeon.
             The game lasted 00:05:49 (789 turns).

Spectrina the Ducker (Deep Elf Monk)                 Turns: 789, Time: 00:05:50

Health: -14/22     AC:  2    Str: 10    XL:     3   Next: 23%
Magic:  5/5        EV: 13    Int: 14    God:
Gold:   51         SH:  0    Dex: 17    Spells: 2/2 levels left

rFire   . . .      SeeInvis .   a - +0 quarterstaff
rCold   . . .      Faith    .   (shield currently unavailable)
rNeg    . . .      Spirit   .   j - +0 robe
rPois   .          Reflect  .   (no helmet)
rElec   .          Harm     .   (no cloak)
rCorr   .          Rampage  .   (no gloves)
Will    .....                   (no boots)
Stlth   ++........              (no amulet)
HPRegen 0.07/turn               (no ring)
MPRegen 0.09/turn               (no ring)

@: no status effects
A: no striking features
a: no special abilities


You were on level 3 of the Dungeon.
You visited 1 branch of the dungeon, and saw 3 of its levels.

You collected 51 gold pieces.

Inventory:

Hand Weapons
 a - a +0 quarterstaff (weapon)
 b - a +0 hunting sling
 k - a +0 spear
Missiles
 c - 75 stones
 g - 7 poisoned darts (quivered)
 h - 17 bolts
 i - 10 sling bullets
Armour
 j - a +0 robe (worn)
Scrolls
 e - a scroll of teleportation {unknown}
 f - 2 scrolls of identify {unknown}
Potions
 d - a potion of magic {unknown}


   Skills:
 - Level 2.4 Fighting
 - Level 3.1 Polearms
 + Level 1.0(2.8) Staves
 - Level 3.6 Dodging
 - Level 2.4 Stealth


You had 2 spell levels left.
You didn't know any spells.
Your spell library was empty.

Dungeon Overview and Level Annotations

Branches:
Dungeon (3/15)

Altars:
Makhleb
Xom


Message History

The sling bullet closely misses the adder.
Fire: 11 sling bullets
Press: ? - help, Q - select action, (/) - cycle Shift-Dir - straight line, f/p - adder
Aim: an adder (lightly wounded, 42% to hit)
You shoot a sling bullet.
The sling bullet completely misses the adder.
Fire: 10 sling bullets
Press: ? - help, Q - select action, (/) - cycle Shift-Dir - straight line, f/p - adder
Aim: an adder (lightly wounded, 42% to hit)
You shoot a sling bullet.
The sling bullet closely misses the adder.
a - a +0 quarterstaff (weapon)
The adder misses you.
You hit the adder.
The adder is severely wounded.
The adder bites you. The adder closely misses you.
You sock the adder!
You kill the adder!
Your base Staves skill increases to level 1!
You see here an adder corpse.
i - 10 sling bullets (gained 1)
You open the door.
A crimson imp comes into view. It is wielding a +0 dagger of chaos.
Found a shimmering altar of Xom and a burning altar of Makhleb.
Unknown command.
There is an open door here.
The helpless crimson imp fails to defend itself.
You hit the crimson imp.
The crimson imp is lightly wounded.
The crimson imp hits you with a +0 dagger of chaos.
You closely miss the crimson imp.
The crimson imp hits you with a +0 dagger of chaos. x2
The crimson imp burns you.
You closely miss the crimson imp. The crimson imp misses you.
You closely miss the crimson imp.
The crimson imp hits you with a +0 dagger of chaos.
* * * LOW HITPOINT WARNING * * *
You are electrocuted!
Ouch! That really hurt!
You die...

#+###+# (....# .....#
(...# (...# #####...#
#_..#...#
#.5@'.#########
#_..##†........
######......... ######
#......... #....#
#.........
#....#####.........
#..................
####..................
#.....................


You could see a crimson imp.

Vanquished Creatures
  An adder (D:3)
  A dart slug (D:1)
  2 endoplasms
  A giant cockroach (D:1)
  3 goblins
  5 hobgoblins
  A quokka (D:3)
  4 bats
  4 frilled lizards
  A kobold (D:1)
  2 rats
25 creatures vanquished.

Notes
Turn   | Place    | Note
-------+----------+-------------------------------------------
     0 | D:1      | Spectrina the Deep Elf Monk began the quest for the Orb.
     0 | D:1      | Reached XP level 1. HP: 13/13 MP: 3/3
   189 | D:1      | Reached XP level 2. HP: 13/18 MP: 4/4
   760 | D:3      | Reached XP level 3. HP: 22/22 MP: 5/5
   780 | D:3      | Reached skill level 1 in Staves
   783 | D:3      | Found a shimmering altar of Xom.
   783 | D:3      | Found a burning altar of Makhleb.
   789 | D:3      | Demolished by a crimson imp

Illustrated notes

Levels and vault maps discovered:
D:1:      giann_wishing_wells, layout_loops_corners,
          dreamdust_ecumenical_altar_hidden_monk_grotto
D:2:      layout_loops_corners, uniq_natasha
D:3:      layout_basic, grunt_temple_overflow_champion_of_chaos

Skill      XL: |  1  2  3 |
---------------+----------+-----
Polearms       | 3 |  3.1
Staves         | 1 |  1.0
Fighting       | |  2.4
Dodging        | |  3.6
Stealth        | |  2.4

Action                   || total
-------------------------++-------
Melee: Spear             ||    83
       Punch             ||     2
       Quarterstaff      ||     6
 Fire: Hunting sling     ||    14
Throw: Dart              ||     5
 Stab: Sleeping          ||     6
Armor: Robe              ||     8
Dodge: Dodged            ||    46
